 Dungeon Crawl Stone Soup version 0.30-a0-1018-g25214051b3 (webtiles) character file.

Game seed: 18228846016962289035

4629 Maxmaps the Martial Artist (level 10, -1/70 HPs)
             Began as a Demonspawn Monk on Apr 7, 2023.
             Was an Initiate of Gozag.
             Slain by a hornet (4 damage)
             ... on level 9 of the Dungeon.
             The game lasted 00:11:02 (7645 turns).

Maxmaps the Martial Artist (Demonspawn Monk)        Turns: 7645, Time: 00:11:03

Health: -1/70      AC: 12    Str:  7    XL:     10   Next: 19%
Magic:  10/10      EV: 10    Int: 16    God:    Gozag
Gold:   662        SH:  6    Dex: 16    Spells: 9/9 levels left

rFire   . . .      SeeInvis +      - Unarmed
rCold   + . .      Faith    .    n - +0 buckler
rNeg    . . .      Spirit   .    m - +1 ring mail of the Armadillo {rElec Regen+ Str-4}
rPois   .          Reflect  .    u - +2 helmet {SInv}
rElec   +          Rampage  .    i - scarf {repulsion}
rCorr   .                        (no gloves)
Will    +....                    (no boots)
Stlth   +                        (no amulet)
HPRegen 1.11/turn                r - ring of willpower
MPRegen 0.12/turn                d - ring of protection from cold

@: brilliant, lethally poisoned (-1 -> -6), hasted and slowed, repel missiles
A: claws 1, slimy green scales 1, powered by death 1
a: Renounce Religion, Potion Petition, Call Merchant, Bribe Branch


You were on level 9 of the Dungeon.
You worshipped Gozag.
Gozag was pleased with you.
You visited 2 branches of the dungeon, and saw 10 of its levels.

You collected 1860 gold pieces.
You paid 1198 gold pieces to Gozag.

Inventory:

Missiles
 v - 2 throwing nets (quivered)
Armour
 i - a scarf of repulsion (worn)
 m - the +1 ring mail of the Armadillo (worn) {rElec Regen+ Str-4}
   (You found it on level 2 of the Dungeon)

   Str:       It affects your strength (-4).
   rElec:     It insulates you from electricity.
   Regen:     It increases your rate of health regeneration.
 n - a +0 buckler (worn)
 u - a +2 helmet of see invisible (worn)
Jewellery
 a - a ring of fire
 d - a ring of protection from cold (right claw)
 r - a ring of willpower (left claw)
 w - a ring of fire
Wands
 b - a wand of polymorph (15)
 j - a wand of roots (10)
 x - a wand of charming (6)
Scrolls
 c - a scroll of fear
 f - 2 scrolls of fog
 k - 2 scrolls of amnesia
 o - 2 scrolls of poison
 p - a scroll of enchant weapon
 s - a scroll of enchant armour {unknown}
 t - a scroll of torment
Potions
 e - 2 potions of curing
 g - 5 potions of attraction
 h - a potion of cancellation
 l - a potion of mutation
 q - a potion of invisibility
 z - a potion of ambrosia


   Skills:
 - Level 3.0 Fighting
 + Level 4.0 Armour
 - Level 2.6 Dodging
 - Level 1.7 Stealth
 - Level 6.3 Shields
 - Level 14.2 Unarmed Combat


You had 9 spell levels left.
You didn't know any spells.
Your spell library contained the following spells:

 Spells                   Type           Power      Damage    Failure   Level
 Magic Dart               Conj           0%         1d3       71%         1
 Necrotise                Necr           0%         1d4       71%         1
 Shock                    Conj/Air       0%         1d3       71%         1
 Summon Small Mammal      Summ           0%         N/A       71%         1
 Call Imp                 Summ           0%         N/A       83%         2
 Call Canine Familiar     Summ           0%         N/A       97%         3
 Mephitic Cloud           Conj/Pois/Air  0%         N/A       97%         3
 Summon Guardian Golem    Hex/Summ       0%         N/A       97%         3
 Swiftness                Air            0%         N/A       97%         3
 Vampiric Draining        Necr           0%         2d6       97%         3
 Airstrike                Air            0%         2d(0-16)  100%        4
 Agony                    Necr           0%         N/A       100%        5
 Chain Lightning          Conj/Air       0%         N/A       100%        9
 Fire Storm               Conj/Fire      0%         5d1       100%        9
 Shatter                  Erth           0%         3d5*      100%        9


Dungeon Overview and Level Annotations

Branches:
Dungeon (9/15)             Temple (1/1) D:4
   Lair: D:8-11         Orc: D:9-12

Altars:
Ashenzari
Dithmenos
Fedhas
Gozag
Hepliaklqana
Kikubaaqudgha
Makhleb
Okawaru
Qazlal
Ru
Sif Muna
Trog
Uskayaw
Vehumet
Xom
Yredelemnul

Shops:
D:4 [   D:8 :


Innate Abilities, Weirdness & Mutations

You have sharp fingernails.
You are partially covered in slimy green scales. (AC +2)
You regenerate a little health from kills.


Message History

The orc warrior hits you with a +0 hand axe!
The hornet barely misses you.
You closely miss the hornet.
The hornet is severely wounded.
You block the hornet's attack.
The orc warrior hits you but does no damage.
You scratch the hornet but do no damage.
The hornet is severely wounded.
The hornet stings you!
You feel as though you will be slow longer.
The orc warrior hits you but does no damage.
You scratch the hornet but do no damage.
The hornet is severely wounded.
The hornet stings you.
You suddenly lose the ability to move!
The orc warrior hits you with a +0 hand axe.
* * * LOW HITPOINT WARNING * * *
The hornet stings you.
* * * LOW HITPOINT WARNING * * *
You are poisoned.
You feel as though you will be slow longer.
The hornet stings you but does no damage.
The orc warrior hits you but does no damage.
You feel sick.
The hornet stings you but does no damage.
The orc warrior hits you but does no damage.
You feel sick. The hornet stings you!
* * * LOW HITPOINT WARNING * * *
You are lethally poisoned!
You feel as though you will be slow longer.
The hornet stings you.
* * * LOW HITPOINT WARNING * * *
You feel as though you will be slow longer.
The orc warrior hits you but does no damage.
You can move again.
You closely miss the hornet.
The hornet is severely wounded.
* * * LOW HITPOINT WARNING * * *
You feel sick. The hornet stings you.
You die...
Your body crumbles into a pile of gold.

#... #..#
#..# #..#
#..# #..#
#yo# #$@#
#..# #..#
#..# #..#
#..# #..#
#..# .#
#..# #..#
..# #..#
#..####.#


You could see a hornet and an orc warrior.

Vanquished Creatures
  The ghost of PimpSugar the Magician, a novice DsHW of Vehumet (D:8)
  Pikel (D:4)
  A hornet (D:8)
  Grinder (D:5)
  A wyvern (D:9)
  Edmund (D:4)
  2 orc warriors (D:8)
  An ice beast (D:7)
  A sky beast (D:7)
  A black bear (D:4)
  2 lemures (D:4)
  A centaur (D:8)
  A kobold brigand (D:9)
  A phantom (D:5)
  2 scorpions
  3 bullfrogs
  5 wights (D:8)
  12 killer bees
  3 howler monkeys
  A crimson imp (D:7)
  2 centaur zombies (D:8)
  3 jellies
  5 hounds
  3 gnoll boudas
  2 orc priests
  3 sleepcaps
  3 iguanas
  Ijyb (D:4)
  3 orc wizards (D:8)
  11 gnolls
  10 adders
  A shadow imp (D:7)
  2 white imps
  An ufetubus (D:7)
  A worm (D:3)
  2 dart slugs
  19 orcs
  8 ball pythons
  A bat (D:1)
  5 endoplasms
  8 giant cockroaches
  12 goblins
  3 hobgoblins (D:2)
  14 quokkas
  8 frilled lizards
  8 kobolds
  4 rats
185 creatures vanquished.

Vanquished Creatures (others)
  2 fungi (D:3)
  17 plants (D:3)
  4 toadstools (D:1)
23 creatures vanquished.

Grand Total: 208 creatures vanquished

Notes
Turn   | Place    | Note
-------+----------+-------------------------------------------
     0 | D:1      | Maxmaps the Demonspawn Monk began the quest for the Orb.
     0 | D:1      | Reached XP level 1. HP: 18/18 MP: 1/1
    81 | D:1      | Reached skill level 1 in Armour
   149 | D:1      | Gained mutation: You are partially covered in slimy green
                  | scales. (AC +2) [demonic ancestry]
   149 | D:1      | Reached XP level 2. HP: 24/24 MP: 2/2
  1130 | D:2      | Gained mutation: You have sharp fingernails. [demonic
                  | ancestry]
  1130 | D:2      | Reached XP level 3. HP: 29/29 MP: 3/3
  1239 | D:2      | Identified the +1 ring mail of the Armadillo {rElec Regen+
                  | Str-4}
  1620 | D:2      | Reached XP level 4. HP: 35/35 MP: 4/4
  1862 | D:3      | Found a hazy altar of Hepliaklqana.
  1871 | D:3      | Reached skill level 3 in Unarmed Combat
  1989 | D:3      | Found a radiant altar of Vehumet.
  1997 | D:3      | Found a shimmering altar of Xom.
  2348 | D:4      | Found Ohilyufo's Antique Armour Emporium.
  2374 | D:4      | Identified a scroll of acquirement
  2374 | D:4      | Acquired 771 gold pieces
  2403 | D:4      | Reached XP level 5. HP: 41/41 MP: 5/5
  2455 | D:4      | Noticed Edmund
  2471 | D:4      | Killed Edmund
  2472 | D:4      | Reached skill level 5 in Unarmed Combat
  2472 | D:4      | Reached XP level 6. HP: 30/47 MP: 6/6
  2490 | D:4      | Found a staircase to the Ecumenical Temple.
  2498 | D:4      | Identified the +1 whip "Atseopn" {freeze, +Blink MP+9}
  2512 | Temple   | Entered the Ecumenical Temple
  2727 | Temple   | Became a worshipper of Gozag Ym Sagoz the Greedy
  2786 | D:4      | Noticed Ijyb
  2813 | D:4      | Killed Ijyb
  2856 | D:4      | You fall into a shaft and drop 3 floors!
  2865 | D:7      | Noticed a sky beast
  2882 | D:7      | Killed a sky beast
  2912 | D:6      | Reached skill level 6 in Unarmed Combat
  2948 | D:6      | Gained mutation: You regenerate a little health from kills.
                  | [demonic ancestry]
  2948 | D:6      | Reached XP level 7. HP: 52/52 MP: 7/7
  2973 | D:6      | Reached skill level 7 in Unarmed Combat
  3066 | D:6      | Found a stormy altar of Qazlal.
  3125 | D:5      | Entered Level 5 of the Dungeon
  3277 | D:5      | Noticed Grinder
  3306 | D:5      | Paralysed by Grinder for 3 turns
  3542 | D:4      | Reached skill level 8 in Unarmed Combat
  3613 | D:4      | Noticed Pikel
  3660 | D:4      | Killed Pikel
  3661 | D:4      | Reached skill level 10 in Unarmed Combat
  3661 | D:4      | Reached XP level 8. HP: 18/58 MP: 8/8
  4109 | D:5      | Reached skill level 11 in Unarmed Combat
  4169 | D:5      | Found a hazy altar of Hepliaklqana.
  4482 | D:5      | Killed Grinder
  4483 | D:5      | Reached skill level 12 in Unarmed Combat
  4833 | D:6      | Reached XP level 9. HP: 63/63 MP: 9/9
  5406 | D:7      | Reached skill level 13 in Unarmed Combat
  5973 | D:7      | Identified the +9 mace "Muitimp" {pain, Dex+2}
  6108 | D:7      | Found a burning altar of Makhleb.
  6312 | D:8      | Reached skill level 14 in Unarmed Combat
  6594 | D:8      | Reached skill level 1 in Shields
  6950 | D:8      | Found a runed translucent gate.
  6950 | D:8      | Found a runed translucent gate.
  6950 | D:8      | Found a runed translucent gate.
  6950 | D:8      | Noticed PimpSugar's ghost (novice DsHW)
  6952 | D:8      | Found a basalt altar of Yredelemnul.
  7068 | D:8      | Reached skill level 5 in Shields
  7276 | D:8      | Found Kutweer's Book Boutique.
  7471 | D:8      | Killed PimpSugar's ghost
  7472 | D:8      | Reached XP level 10. HP: 70/70 MP: 10/10
  7600 | D:9      | Found an ancient bone altar of Kikubaaqudgha.
  7641 | D:9      | Paralysed by a hornet for 3 turns
  7645 | D:9      | HP: 3/70 [poisoned by a hornet]
  7645 | D:9      | Slain by a hornet

Illustrated notes

Levels and vault maps discovered:
D:1:      ldierk_walled_garden_2, layout_basic
D:2:      layout_loops_ring
D:3:      wad_woods_stonehenge, layout_basic, mainiacjoe_overflow_big_doors
D:4:      layout_basic, mainiacjoe_overflow_chevrons, elyvilon_altar_3,
          minmay_temple_entry_tees, serial_shops, shop, minmay_manual_moon,
          uniq_pikel, uniq_ijyb, uniq_edmund
D:5:      layout_basic, nzn_hepliaklqana_mist_gate, uniq_grinder
D:6:      layout_loops_ring, old_standard_altar
D:7:      layout_loops_corners, mainiacjoe_overflow_alcove_2,
          makhleb_grotto_becter
D:8:      layout_basic, nicolae_yredelemnul_ghost_church, serial_shops,
          nicolae_shop_waterfront, minmay_misc_feat_plants
D:9:      layout_long_grid, slow_altar_2, kennysheep_little_box,
          ebering_ghost_inner_flame, enter_bailey_2, nicolae_shop_unique_rings
Temple:   compressed_dpeg_triangle_lava_temple

Skill      XL: |  1  2  3  4  5  6  7  8  9 10 |
---------------+-------------------------------+-----
Armour         | 1 2 3 4 |  4.0
Unarmed Combat | 3 5 6 10 12 14 | 14.2
Shields        | 6 |  6.3
Fighting       | |  3.0
Dodging        | |  2.6
Stealth        | |  1.7

Action                     |  1- 3 |  4- 6 |  7- 9 | 10-12 || total
---------------------------+-------+-------+-------+-------++-------
  Melee: Unarmed           |   171 |   213 |   490 |    42 ||   916
         Punch             |     5 |     4 |     9 |       ||    18
 Invoke: Potion Petition   |       |       |     2 |     1 ||     3
    Use: Scroll            |       |    13 |     4 |       ||    17
         Potion            |       |     3 |     6 |       ||     9
   Stab: Sleeping          |     2 |     1 |     2 |       ||     5
         Invisible         |       |       |     3 |       ||     3
         Distracted        |       |       |     7 |       ||     7
 Armour: Robe              |    21 |       |       |       ||    21
         Scale mail        |    36 |       |       |       ||    36
         Ring mail         |    25 |   106 |   169 |    33 ||   333
         Skin              |       |       |    16 |       ||    16
  Dodge: Dodged            |    80 |   103 |   222 |    32 ||   437
         Repelled          |       |       |     2 |       ||     2
  Block: Buckler           |       |       |    50 |    17 ||    67

Table legend: (Time is in decaauts)
 A = Elapsed time spent in this place.
 B = Non-inter-level travel time spent in this place.
 C = Inter-level travel time spent in this place.
 D = Time resting spent in this place.
 E = Time spent auto-exploring this place.
 F = Levels seen in this place.
 G = Mean time per level.
                   A        B        C        D        E       F      G
               +--------+--------+--------+--------+--------+-----+--------+
         Total |   7543 |   7253 |    290 |     72 |   5398 |  10 |  754.3 |
       Dungeon |   7310 |   7056 |    254 |     72 |   5210 |   9 |  812.2 |
        Temple |    232 |    196 |     36 |      0 |    188 |   1 |  232.0 |
               +--------+--------+--------+--------+--------+-----+--------+

Top non-repeatable levels by time:
     D:8: 1229 daAuts
     D:1: 1062 daAuts
     D:4: 1003 daAuts
     D:7: 982 daAuts
     D:5: 849 daAuts
     D:6: 817 daAuts
     D:2: 670 daAuts
     D:3: 604 daAuts
  Temple: 232 daAuts
     D:9: 91 daAuts
